Selects Airborne Battlegroup
Construct Weapon Support Center
Selects Paratrooper Squad Paradrop
Paratrooper Squad Paradrop
Paratrooper Squad Paradrop
Mechanized Support Center
Improved M9 Bazooka Rockets
Designate Forward Repair Station
Selects Anti-tank Gun Team Paradrop
Selects Paradrop Reinforcements
Selects Carpet Bombing Run
M4A1(76) Sherman Medium Tank
M3 Armored Personnel Carrier
M4A1(76) Sherman Medium Tank